Map: Stasis LE

Players

Mesrob - Winner!

  • Race: Terran Terran
  • League: Gold
  • Spawn Location: 1:00

wolverine

  • Race: Protoss Protoss
  • League: Gold
  • Spawn Location: 11:00

VOD

Have the link to the VOD?

Description

Time

  • Played on: Jan. 21, 2019, 12:56 p.m.
  • Length: 17:59
Show
View Real Time Build Order
Export as new Build Order

Mesrob Terran - Winner!

Build Orders: Mech 

Get SALT Encoding   

  12  0:00  SCV  
  13  0:12  SCV  
  14  0:18  Supply Depot  
  14  0:24  SCV  
  15  0:40  SCV  
  15  0:42  Barracks  
  16  0:49  Refinery  
  16  0:52  SCV  
  17  1:34  Orbital Command  
  17  1:37  Command Center  
  17  1:40  Marine  
  18  1:55  Bunker  
  18  2:03  SCV  
  19  2:12  Factory  
  19  2:14  Barracks Tech Lab  
  19  2:15  SCV  
  20  2:26  Supply Depot  
  20  2:37  SCV  
  21  2:49  Supply Depot, SCV  
  22  3:01  SCV  
  22  3:02  Siege Tank  
  22  3:04  Engineering Bay  
  26  3:18  Orbital Command  
  26  3:19  SCV  
  27  3:29  Refinery  
  27  3:31  SCV  
  28  3:38  Armory  
  28  3:45  SCV  
  29  3:50  Missile Turret  
  29  3:52  SCV  
  30  4:03  Siege Tank  
  30  4:05  Refinery  
  30  4:08  SCV  
  34  4:19  Marine  
  34  4:20  SCV  
  36  4:27  Missile Turret  
  36  4:28  Command Center  
  36  4:30  Terran Vehicle Weapons Level 1  
  36  4:45  SCV  
  37  4:48  Siege Tank  
  37  4:49  Missile Turret  
  41  4:52  SCV  
  41  4:53  Refinery  
  41  4:57  SCV  
  42  5:05  SCV  
  43  5:09  Factory, SCV  
  43  5:11  Missile Turret  
  43  5:14  Factory  
  44  5:15  Marine  
  44  5:21  SCV  
  46  5:33  SCV  
  47  5:37  Thor  
  53  6:15  Factory Reactor x2  
  53  6:16  Sensor Tower  
  53  6:17  Missile Turret  
  53  6:23  Factory  
  53  6:26  Thor  
  53  6:31  SCV  
  60  6:35  SCV  
  60  6:37  Missile Turret  
  61  6:42  Planetary Fortress  
  61  6:44  SCV  
  62  6:47  SCV  
  63  6:56  SCV  
  63  6:57  Missile Turret  
  63  6:59  Hellbat x2, SCV  
  63  7:01  Infernal Pre-Igniter  
  69  7:12  Factory  
  69  7:17  Factory Tech Lab  
  69  7:36  Supply Depot x2  
  69  7:38  Supply Depot  
  69  7:41  Supply Depot  
  69  7:50  Supply Depot  
  69  7:58  Hellbat x4, Hellion, SCV  
  80  7:59  Factory Reactor  
  80  8:04  Supply Depot  
  80  8:07  Factory  
  80  8:11  Hellion, Armory  
  80  8:14  Supply Depot  
  80  8:16  Refinery  
  80  8:17  Refinery  
  80  8:19  Hellbat  
  82  8:22  SCV x3  
  85  8:28  Supply Depot  
  85  8:34  SCV x3  
  85  8:37  Supply Depot  
  88  8:44  Hellbat  
  88  8:46  Hellbat x4  
  98  8:53  Factory Tech Lab  
  98  8:57  Factory  
  98  9:00  Supply Depot  
  98  9:07  SCV x2  
  98  9:11  Command Center  
  98  9:23  Supply Depot  
  98  9:31  Sensor Tower  
  92  9:42  Thor  
  92  9:43  Hellbat x2  
  87  9:53  Hellbat  
  87  9:54  Supply Depot  
  82  10:00  Hellbat, Thor  
  82  10:01  Thor  
  96  10:08  Marine  
  97  10:16  Factory Tech Lab  
  97  10:18  Hellbat  
  99  10:24  Thor  
  99  10:25  Terran Vehicle And Ship Armor Level 1  
  99  10:26  Marine, Terran Vehicle Weapons Level 2  
  106  10:31  Planetary Fortress  
  106  10:44  Marine  
  105  11:04  Missile Turret  
  71  12:00  Thor x2  
  71  12:01  Thor x2  
  83  12:02  Missile Turret  
  83  12:03  Hellbat  
  83  12:04  Hellbat x2  
  83  12:05  Hellbat, Hellion  
  83  12:06  Hellbat  
  107  12:10  SCV  
  107  12:14  Thor  
  108  12:20  Terran Vehicle And Ship Armor Level 2  
  108  12:21  Missile Turret  
  108  12:32  Missile Turret  
  108  12:39  SCV  
  108  12:43  SCV x3  
  112  12:51  SCV  
  113  12:53  Refinery, Hellion  
  113  12:55  SCV  
  113  12:56  SCV x2  
  116  13:03  SCV  
  116  13:05  Sensor Tower  
  117  13:07  SCV  
  117  13:08  SCV x2, Thor x2  
  117  13:09  Thor  
  117  13:11  Hellbat  
  140  13:15  SCV  
  140  13:19  SCV  
  142  13:20  SCV  
  142  13:25  SCV  
  144  13:27  SCV  
  144  13:30  Refinery  
  144  13:31  SCV  
  132  13:49  Hellbat x3  
  132  13:50  Hellbat x3  
  132  13:51  Thor  
  150  14:07  Supply Depot  
  150  14:14  SCV x2  
  150  14:15  SCV  
  153  14:17  SCV  
  154  14:26  SCV x2  
  154  14:27  SCV  
  154  14:29  SCV  
  154  14:31  Supply Depot  
  157  14:38  SCV  
  157  14:40  Thor x2  
  157  14:43  Hellbat x2  
  174  14:54  Supply Depot, SCV  
  174  14:56  Command Center, SCV x2  
  177  15:06  SCV  
  176  15:18  SCV  
  176  15:21  Thor x2  
  177  15:23  Hellion, Hellbat x2  
  177  15:24  Hellbat  
  191  15:45  Thor  
  191  15:46  Hellbat  
  185  16:10  Thor x3  
  199  16:15  Planetary Fortress  
  181  16:38  Thor  
  181  16:39  Hellbat x2  
  197  16:40  Hellbat x4  
  187  17:03  Hellion  
  187  17:05  Thor  
  187  17:06  Thor x2  
  199  17:08  Hellbat  
  193  17:53  Command Center  
Show
View Real Time Build Order
Export as new Build Order

wolverine Protoss 

Build Orders:  

Get SALT Encoding   

  12  0:11  Pylon  
  12  0:18  Probe  
  13  0:26  Probe  
  13  0:35  Probe  
  15  0:48  Probe  
  16  0:57  Gateway  
  16  1:00  Gateway  
  16  1:06  Probe  
  16  1:07  Assimilator  
  17  1:14  Assimilator  
  17  1:22  Probe  
  18  1:34  Probe  
  19  1:43  Assimilator  
  19  1:45  Pylon  
  19  1:46  Probe  
  20  1:58  Probe  
  21  2:02  Cybernetics Core  
  21  2:11  Probe  
  22  2:17  Gateway  
  22  2:26  Gateway  
  22  2:28  Pylon  
  22  2:37  Gateway  
  22  2:50  Robotics Facility  
  22  2:56  Stalker  
  24  3:05  Pylon  
  24  3:08  Shield Battery  
  24  3:19  Shield Battery  
  24  3:20  Warp Gate, Probe  
  25  3:36  Probe  
  25  3:40  Stalker  
  28  4:02  Nexus  
  28  4:06  Probe  
  29  4:18  Pylon  
  29  4:20  Probe  
  30  4:31  Immortal  
  34  4:39  Stalker  
  36  4:49  Stalker  
  36  4:51  Probe  
  39  4:57  Stalker  
  45  5:14  Immortal  
  45  5:17  Probe  
  45  5:19  Probe  
  47  5:31  Assimilator, Probe  
  47  5:33  Probe  
  49  5:35  Assimilator  
  49  5:43  Probe  
  49  5:45  Probe  
  49  5:46  Stalker  
  53  5:50  Stalker  
  53  5:56  Stalker  
  57  5:59  Probe  
  57  6:00  Probe  
  59  6:11  Stalker, Probe  
  59  6:12  Probe  
  63  6:25  Probe  
  64  6:26  Probe  
  65  6:37  Probe  
  65  6:38  Probe  
  67  6:48  Twilight Council  
  67  6:49  Probe  
  67  6:50  Probe  
  69  6:57  Pylon  
  69  7:01  Probe  
  69  7:05  Pylon  
  69  7:06  Protoss Ground Weapons Level 1  
  70  7:08  Pylon  
  70  7:13  Gateway  
  70  7:14  Pylon  
  70  7:15  Forge  
  70  7:18  Shield Battery  
  70  7:24  Shield Battery  
  70  7:27  Pylon  
  70  7:30  Stalker x3  
  76  7:40  Immortal  
  80  7:54  Forge  
  80  7:56  Protoss Ground Armor Level 1  
  80  8:03  Dark Shrine  
  80  8:04  Stalker  
  80  8:05  Stalker  
  84  8:26  Photon Cannon  
  84  8:28  Immortal, Shield Battery  
  84  8:37  Blink  
  88  8:42  Stalker  
  88  8:43  Stalker x2  
  94  8:48  Protoss Shields Level 1  
  94  9:04  Sentry x2  
  94  9:07  Stalker, Immortal  
  94  9:08  Stalker  
  106  9:26  Photon Cannon  
  106  9:27  Photon Cannon  
  106  9:31  Dark Templar  
  106  9:34  Photon Cannon  
  98  9:51  Protoss Ground Weapons Level 2  
  68  10:05  Dark Templar x6  
  72  10:22  Immortal  
  76  11:01  Immortal  
  80  11:08  Dark Templar x5  
  90  11:13  Protoss Ground Armor Level 2  
  86  11:40  Stalker x4  
  86  11:41  Stalker x2  
  94  11:50  Probe x2  
  96  12:13  Nexus  
  96  12:15  Assimilator x2  
  96  12:16  Pylon  
  96  12:17  Pylon x2  
  96  12:22  Templar Archives  
  96  12:28  Gateway  
  96  12:32  Protoss Shields Level 2  
  97  12:37  Probe x2  
  97  12:40  Archon  
  97  12:41  Archon x3  
  97  12:42  Charge  
  98  12:46  Pylon  
  98  12:48  Zealot x5  
  108  13:04  Probe x2  
  110  13:15  Gateway  
  110  13:19  Gateway  
  82  13:46  Protoss Ground Weapons Level 3  
  82  13:47  Zealot x5  
  82  13:48  Pylon, Zealot  
  94  13:59  Pylon  
  94  14:05  Robotics Facility  
  94  14:07  Robotics Bay  
  94  14:10  Gateway  
  94  14:27  Forge  
  94  14:30  Photon Cannon  
  94  14:31  Probe x3  
  87  14:35  Immortal  
  91  14:41  Dark Templar x2  
  91  14:43  Probe  
  96  14:53  Immortal  
  100  15:07  High Templar x2  
  102  15:09  Immortal  
  104  15:23  Immortal  
  104  15:24  Dark Templar, Shield Battery  
  104  15:26  Shield Battery  
  104  15:28  Shield Battery, High Templar  
  106  15:43  Disruptor  
  101  15:50  Dark Templar  
  101  15:51  Dark Templar x2  
  83  16:02  Immortal  
  46  16:38  Disruptor  
  25  17:07  Immortal  
  7  17:34  Zealot  
Tags
 
Composition
Mech
League
GoldGold
Matchup
PvT
Replay Pack
sc2 replays
Spawn Locations
Close Positions
Add a new tag
Caveats
  • Supply blocks, unpowered buildings, or Contaminate may cause inaccurate times.
  • Supply counts are checked every 10 seconds.